 Dungeon Crawl Stone Soup version 0.14.0-18-g0341e45 (webtiles) character file.

8393 MDvedh the Severer (level 11, -6/82 HPs)
             Began as a Minotaur Berserker on Apr 20, 2014.
             Was an Elder of Trog.
             Mangled by a sixfirhy (8 damage)
             ... on Level 3 of the Abyss.
             The game lasted 00:15:57 (9392 turns).

MDvedh the Severer (Minotaur Berserker)             Turns: 9392, Time: 00:15:58

HP  -6/82        AC  8     Str 25      XL: 11   Next:  5%
MP   4/4         EV  9     Int  4      God: Trog [****..]
Gold 310         SH  0     Dex  8 (10) Spells:  0 memorised, 10 levels left

rFire  . . .     SeeInvis .     E - +0 war axe
rCold  . . .     Clarity  .     g - +0 scale mail
rNeg   . . .     Conserve .     (no shield)
rPois  .         rCorr    .     (helmet restricted)
rElec  .         rRot     .     (no cloak)
SustAb . .       Spirit   .     (no gloves)
rMut   .         Warding  .     (no boots)
Saprov . . .     Stasis   .     (no amulet)
MR     +....                    k - +5,+5 ring of slaying
                                w - ring of protection from magic

@: about to teleport, very slightly contaminated, hasted, very quick, somewhat
resistant to hostile enchantments, extremely unstealthy
A: retaliatory headbutt, horns 2
a: Burn Spellbooks, Berserk, Trog's Hand, Brothers in Arms, Renounce Religion


You were on level 3 of the Abyss.
You worshipped Trog.
Trog was greatly pleased with you.
You were not hungry.

You visited 1 branch of the dungeon, and saw 10 of its levels.
You visited the Abyss 1 time.

You collected 310 gold pieces.

Inventory:

Hand weapons
 a - a +1,+1 hand axe
 p - a +0,+0 falchion of distortion
 E - a +0,+0 war axe (weapon)
Armour
 g - a +0 scale mail (worn)
Magical devices
 b - a wand of hasting (3)
 t - a wand of paralysis (12)
 z - a wand of cold (9) {unknown}
 A - a wand of disintegration (8)
 D - a wand of magic darts (10)
Comestibles
 c - 7 bread rations
 d - 2 meat rations
 f - a banana
 x - 7 slices of pizza
Scrolls
 j - 4 scrolls of teleportation
 l - 2 scrolls of fog
 r - 2 scrolls of remove curse
 u - 2 scrolls of enchant weapon I
 v - 2 scrolls of identify
 y - a scroll of enchant weapon II
 F - a scroll of enchant armour
Jewellery
 k - a +5,+5 ring of slaying (right hand)
 m - an uncursed ring of sustenance
 w - a ring of protection from magic (left hand)
Potions
 h - a potion of magic
 n - 2 potions of restore abilities
 o - 2 potions of brilliance
 q - 5 potions of curing
 s - a potion of invisibility


   Skills:
 - Level 3.6 Fighting
 - Level 17.0 Axes
 + Level 10.0 Armour
 - Level 2.1 Dodging


You had 10 spell levels left.
You didn't know any spells.

Dungeon Overview and Level Annotations

Branches:
Dungeon (10/15)            Temple (0/1) D:5            Lair (0/8) D:10
    Orc: D:9-12

Altars:
Dithmenos
Elyvilon
Fedhas
Kikubaaqudgha
Nemelex Xobeh
Sif Muna
Trog
The Shining One

Shops:
D:9 [

Annotations:
D:9 Dowan


Innate Abilities, Weirdness & Mutations

You reflexively headbutt those who attack you in melee.
You have a pair of horns on your head.


Message History

The sixfirhy hits you but does no damage.
You feel less exhausted.
Unknown command.
Read which item? (? for menu, Esc to quit)
As you read the scroll of teleportation, it crumbles to dust.
You feel strangely unstable.
You feel the power of the Abyss delaying your translocation.
Unknown command.
A smoke demon comes into view.
The smoke demon roars!
A sun demon comes into view.
A ynoxinul and a sun demon come into view.
The ynoxinul bellows!
The sun demon shouts!
The ynoxinul gestures.
Unknown command.
Drink which item? (? for menu, Esc to quit)
You feel better. The sixfirhy hits you!
* * * LOW HITPOINT WARNING * * *
The sixfirhy shocks you!
You die...

. ..................
.
.........4....X...$
..#.....#..X.... ..
..###...###A........
...#.....#.....##...
...............##
................. .
.........4..........
....#...@.#........
##...###..... #.....
...... .............
..3......... .
...35......
3#.....#...
##3..###. 5..


You could see a profane servitor, a starcursed mass, 2 sun demons, a sixfirhy, a
smoke demon, a ynoxinul and 2 ufetubi.

Vanquished Creatures
  Pikel (D:9)
  Joseph (D:9)
  A worldbinder (Abyss:3)
  A gargoyle (D:9)
  A troll (D:10)
  Grinder (D:6)
  Prince Ribbit (D:9)
  A deep elf fighter (D:9)
  Eustachio (D:9)
  A hungry ghost (D:7)
  2 orc warriors
  An ice beast (D:6)
  3 slaves
  4 ogres
  2 sky beasts
  2 phantoms
  4 centaurs
  Sigmund (D:7)
  Duvessa (D:9)
  3 big kobolds (D:9)
  4 giant frogs
  5 wights (D:6)
  2 quasits
  2 crimson imps
  A goliath beetle (D:7)
  2 hounds
  2 starcursed masses (Abyss:3)
  5 orc priests
  A giant frog skeleton (D:7)
  5 worker ants
  An iguana (D:10)
  A sky beast zombie (D:5)
  A big kobold skeleton (D:8)
  A hound zombie (D:9)
  7 adders
  7 gnolls
  A shadow imp (D:6)
  2 giant mites (D:4)
  A white imp (Abyss:3)
  4 giant geckos
  2 oozes
  19 orcs
  A bat skeleton (D:3)
  A bat zombie (D:5)
  2 giant cockroaches
  12 hobgoblins
  7 quokkas
  18 bats
  2 giant gecko zombies
  A giant newt (D:2)
  5 goblins
  A goblin skeleton (D:4)
  22 kobolds
  A kobold skeleton (D:6)
  A quokka skeleton (D:5)
  9 rats
  A rat zombie (D:5)
193 creatures vanquished.

Vanquished Creatures (collateral kills)
  A tentacled starspawn (Abyss:3)
  A wretched star (Abyss:3)
  A large abomination (Abyss:3)
  A sixfirhy (Abyss:3)
  An ugly thing (D:8)
5 creatures vanquished.

Vanquished Creatures (others)
  A two-headed ogre (Abyss:3)
  A slave (D:9)
  An ogre (D:8)
  3 kobolds (D:9)
6 creatures vanquished.

Grand Total: 204 creatures vanquished

Notes
Turn   | Place    | Note
--------------------------------------------------------------
     0 | D:1      | MDvedh, the Minotaur Berserker, began the quest for the Orb.
     0 | D:1      | Reached XP level 1. HP: 19/19 MP: 1/1
   148 | D:1      | Reached skill level 4 in Axes
   483 | D:1      | Reached XP level 2. HP: 26/26 MP: 1/1
  1014 | D:2      | Acquired Trog's second power
  1078 | D:2      | Reached skill level 5 in Axes
  1130 | D:2      | Reached XP level 3. HP: 31/31 MP: 2/2
  1164 | D:2      | Found a bloodstained altar of Trog.
  2259 | D:4      | Reached XP level 4. HP: 39/39 MP: 2/2
  2273 | D:4      | Reached skill level 6 in Axes
  2317 | D:4      | Noticed a phantom
  2800 | D:4      | Killed a phantom
  2800 | D:4      | Reached skill level 7 in Axes
  2800 | D:4      | Reached XP level 5. HP: 32/45 MP: 2/2
  2939 | D:5      | Entered Level 5 of the Dungeon
  2962 | D:5      | Noticed a centaur
  2969 | D:5      | Killed a centaur
  2969 | D:5      | Reached skill level 8 in Axes
  2969 | D:5      | Reached XP level 6. HP: 27/51 MP: 3/3
  3229 | D:5      | Noticed a centaur
  3234 | D:5      | Killed a centaur
  3343 | D:5      | Found a staircase to the Ecumenical Temple.
  3501 | D:5      | Reached skill level 9 in Axes
  3717 | D:5      | Reached XP level 7. HP: 57/57 MP: 3/3
  3888 | D:6      | Reached skill level 10 in Axes
  3920 | D:6      | Reached skill level 11 in Axes
  4232 | D:6      | Reached XP level 8. HP: 64/64 MP: 3/3
  4336 | D:6      | Reached skill level 12 in Axes
  4343 | D:6      | Noticed Grinder
  4344 | D:6      | Paralysed by Grinder for 6 turns
  4354 | D:6      | Killed Grinder
  4403 | D:6      | Found a white marble altar of Elyvilon.
  4585 | D:6      | Reached skill level 13 in Axes
  4737 | D:7      | Found a deep blue altar of Sif Muna.
  4795 | D:7      | Found a blossoming altar of Fedhas.
  5279 | D:7      | Acquired Trog's third power
  5295 | D:7      | Noticed Sigmund
  5301 | D:7      | Killed Sigmund
  5434 | D:7      | Reached XP level 9. HP: 55/70 MP: 4/4
  5711 | D:7      | Found a sparkling altar of Nemelex Xobeh.
  5714 | D:7      | Found an ancient bone altar of Kikubaaqudgha.
  5715 | D:7      | Found a glowing golden altar of the Shining One.
  5716 | D:7      | Found a shadowy altar of Dithmenos.
  5878 | D:7      | Reached skill level 14 in Axes
  7237 | D:9      | Noticed Pikel
  7492 | D:9      | Killed Pikel
  7492 | D:9      | Reached skill level 15 in Axes
  7493 | D:9      | Noticed Duvessa
  7495 | D:9      | Noticed Joseph
  7499 | D:9      | Killed Duvessa
  7743 | D:9      | Killed Joseph
  7743 | D:9      | Reached skill level 16 in Axes
  7960 | D:9      | Found Qirchazu's Armour Emporium.
  7975 | D:9      | Noticed a gargoyle
  7983 | D:9      | Killed a gargoyle
  7983 | D:9      | Reached XP level 10. HP: 62/77 MP: 4/4
  8137 | D:9      | Found a deep blue altar of Sif Muna.
  8483 | D:9      | Noticed Eustachio
  8488 | D:9      | Noticed Dowan
  8598 | D:9      | Noticed Prince Ribbit
  8606 | D:9      | Killed Prince Ribbit
  8787 | D:9      | Killed Eustachio
  8787 | D:9      | Reached skill level 17 in Axes
  8922 | D:10     | Entered Level 10 of the Dungeon
  9165 | D:10     | Found a staircase to the Lair.
  9182 | D:10     | Cast into the Abyss (a distortion unwield)
  9257 | Abyss:2  | Noticed a wretched star
  9262 | Abyss:3  | Found a corrupted altar of Lugonu.
  9319 | Abyss:3  | Noticed a starcursed mass
  9320 | Abyss:3  | Noticed a worldbinder
  9324 | Abyss:3  | Noticed an orb spider
  9327 | Abyss:3  | Killed a starcursed mass
  9332 | Abyss:3  | Killed a starcursed mass
  9334 | Abyss:3  | Killed a worldbinder
  9349 | Abyss:3  | Noticed a tentacled starspawn
  9352 | Abyss:3  | Killed a tentacled starspawn
  9353 | Abyss:3  | Noticed a large abomination
  9355 | Abyss:3  | Noticed a wretched star
  9356 | Abyss:3  | Killed a large abomination
  9359 | Abyss:3  | Killed a wretched star
  9359 | Abyss:3  | Reached XP level 11. HP: 54/82 MP: 4/4
  9360 | Abyss:3  | Noticed a sixfirhy
  9364 | Abyss:3  | Noticed a profane servitor
  9369 | Abyss:3  | Killed a sixfirhy
  9369 | Abyss:3  | Reached skill level 10 in Armour
  9381 | Abyss:3  | Noticed a starcursed mass
  9386 | Abyss:3  | HP: 4/82 [starcursed mass/accursed screaming (9)]
  9391 | Abyss:3  | Noticed a sun demon
  9391 | Abyss:3  | Noticed a sun demon
  9392 | Abyss:3  | HP: 2/82 [sixfirhy (10)]
  9392 | Abyss:3  | Mangled by a sixfirhy

Action                   |  1- 3 |  4- 6 |  7- 9 | 10-12 || total
-------------------------+-------+-------+-------+-------++-------
Melee: Hand axe          |    33 |    65 |    84 |       ||   182
       Whip              |    43 |       |       |       ||    43
       War axe           |       |       |   165 |    99 ||   264
Invok: Berserk           |       |     1 |     9 |     1 ||    11
       Trog's Hand       |       |       |     1 |     2 ||     3
       Brothers in Arms  |       |       |     1 |     1 ||     2
Evoke: Wand              |       |       |     5 |     1 ||     6
  Use: Scroll            |     8 |     3 |     6 |     6 ||    23
       Potion            |       |       |     2 |     4 ||     6
